AoeStats
← NPG | gab

Arabia

510567447Analyzed
1v1 RM · 1d ago on Oct 1, 2026· 47m 38s· 2 players
Game mode
Random Map
Map size
Tiny (2 player)
Population
200
Speed
Normal
Resources
Standard
Victory
Conquest
Starting age
Dark Age
Ending age
Imperial Age
RankedLock teamsTeams togetherTeam positionsShared explorationLock speedFull tech treeHidden civsTurbo modeCheats
Victory
Defeat
🇦🇷 Mongols · Argentina
1267
+16
🇹🇷 Mongols · Türkiye
1270
-16
NPG | gab
6:34 Loom
8:46 Feudal Age
17:03 Castle Age
16:00 Double-Bit Axe
27:25 Wheelbarrow
28:56 Bow Saw
28:57 Horse Collar
32:27 Imperial Age
30:36 Scale Barding Armor
30:49 Fletching
31:50 Bodkin Arrow
32:20 Heavy Plow
33:15 Chain Barding Armor
33:51 Ballistics
33:21 Elite Mangudai
35:11 Hand Cart
37:00 Chemistry
36:29 Bracer
37:12 Onager
41:40 Forging
41:54 Gold Mining
43:18 Bloodlines
43:10 Husbandry
42:33 Light Cavalry
43:33 Hussar
46:01 Iron Casting
48:00 Blast Furnace
ChuckMawHinneyS
6:33 Loom
8:58 Feudal Age
10:33 Double-Bit Axe
18:59 Castle Age
17:31 Fletching
17:52 Gold Mining
18:37 Horse Collar
18:55 Stone Mining
19:15 Padded Archer Armor
20:05 Bodkin Arrow
24:11 Leather Archer Armor
23:42 Crossbowman
28:29 Bow Saw
29:36 Gold Shaft Mining
31:20 Wheelbarrow
31:32 Stone Shaft Mining
34:40 Imperial Age
31:54 Elite Skirmisher
33:06 Masonry
33:42 Ballistics
34:54 Thumb Ring
35:52 Town Watch
36:29 Bracer
37:36 Chemistry
38:37 Arbalester
41:46 Hand Cart
44:26 Siege Engineers
47:29 Onager
Connection lost

Rejoining the realm…

Still unreachable

The connection could not be restored.

Session expired

The server has moved on; the page needs a fresh start.